Map: 16-Bit LE

Players

Dost

  • Race: Terran Terran
  • League: Diamond
  • Spawn Location: 1:00

erikmaster - Winner!

  • Race: Protoss Protoss
  • League: Diamond
  • Spawn Location: 7:00

VOD

Have the link to the VOD?

Description

Time

  • Played on: June 3, 2018, 8:29 a.m.
  • Length: 20:17
Show
View Real Time Build Order
Export as new Build Order

Dost Terran 

Build Orders: Command Center First (CC), MMM Bio 

Get SALT Encoding   

  12  0:02  SCV  
  13  0:14  SCV  
  13  0:19  Supply Depot  
  14  0:26  SCV  
  15  0:41  SCV  
  16  0:53  SCV  
  17  1:05  Command Center  
  17  1:09  SCV  
  18  1:21  SCV  
  19  1:27  Barracks  
  19  1:48  Refinery  
  19  1:50  Refinery  
  19  1:55  SCV  
  20  2:07  SCV  
  21  2:11  Barracks  
  21  2:12  Barracks  
  21  2:23  Orbital Command  
  21  2:35  SCV  
  22  2:47  Orbital Command  
  22  2:50  Marine  
  23  2:56  Engineering Bay  
  23  3:08  Barracks Tech Lab  
  23  3:09  Factory, Marine  
  23  3:18  Supply Depot  
  23  3:20  SCV  
  23  3:22  SCV  
  24  3:28  Marine  
  24  3:31  Stimpack  
  25  3:35  Missile Turret  
  25  3:38  SCV  
  25  3:40  Missile Turret  
  26  3:45  Marine x2  
  28  3:54  Marine  
  29  3:58  Starport  
  29  4:02  Marine  
  29  4:05  Marine  
  29  4:06  SCV  
  32  4:12  SCV, Marine  
  34  4:19  Factory Reactor, Barracks  
  34  4:22  SCV  
  34  4:24  SCV  
  34  4:25  Marine x2  
  35  4:36  Marine  
  36  4:40  Terran Infantry Weapons Level 1  
  36  4:42  SCV  
  36  4:43  Marine x2  
  39  4:49  Engineering Bay  
  39  4:53  Starport Reactor  
  39  4:57  Widow Mine  
  41  5:02  Refinery, Supply Depot  
  41  5:05  Supply Depot  
  41  5:08  SCV  
  42  5:17  Widow Mine  
  42  5:18  Terran Infantry Armor Level 1  
  42  5:19  Supply Depot  
  44  5:30  Marine x3  
  44  5:31  Marine  
  44  5:34  SCV  
  49  5:38  Medivac  
  51  5:44  SCV  
  51  5:46  SCV  
  51  5:47  Marine  
  51  5:48  Marine x2  
  51  5:49  Refinery, Marine  
  57  5:54  Combat Shield  
  57  5:56  SCV  
  58  6:05  Marine x3  
  58  6:06  SCV  
  58  6:07  Marine  
  58  6:08  SCV  
  64  6:15  Widow Mine  
  64  6:16  Widow Mine  
  64  6:18  SCV  
  69  6:20  SCV  
  70  6:25  Armory  
  70  6:49  Command Center  
  70  7:01  Supply Depot  
  70  7:02  Supply Depot  
  70  7:03  Missile Turret  
  70  7:18  Widow Mine  
  70  7:19  Marine  
  70  7:20  Marine  
  70  7:22  Marine  
  70  7:23  Widow Mine, SCV  
  70  7:25  Missile Turret, SCV  
  71  7:31  Barracks Tech Lab  
  71  7:32  Concussive Shells  
  71  7:35  SCV  
  71  7:36  Marine  
  68  7:37  SCV  
  64  7:47  SCV  
  64  7:49  SCV  
  64  7:56  Widow Mine x2  
  64  7:57  Barracks  
  68  7:58  Barracks  
  68  7:59  SCV, Barracks  
  68  8:00  Barracks  
  68  8:01  SCV  
  70  8:11  SCV  
  70  8:13  SCV  
  63  8:25  Orbital Command  
  62  8:27  Medivac x2  
  62  8:29  SCV x2  
  62  8:31  Refinery  
  62  8:32  Refinery  
  68  8:41  SCV  
  69  8:45  SCV  
  70  8:48  Starport  
  70  8:49  Starport  
  70  8:51  Liberator  
  70  8:52  SCV  
  70  8:53  SCV  
  70  8:54  Terran Infantry Armor Level 2, Terran Infantry Weapons Level 2  
  72  9:04  Marauder x2, Marine x3  
  72  9:09  Marine x3  
  85  9:14  Bunker  
  85  9:21  SCV x3  
  85  9:22  Marine x3  
  85  9:23  Supply Depot  
  91  9:25  Marine x2  
  93  9:33  SCV x3  
  93  9:35  Liberator  
  96  9:40  Marine  
  96  9:41  Marine x4  
  96  9:45  Widow Mine x2, Marine x3  
  107  9:46  Supply Depot, Liberator  
  107  9:49  Supply Depot  
  108  9:58  Marine  
  109  10:01  Supply Depot, Marine  
  109  10:02  Supply Depot  
  92  10:18  Marine x5  
  92  10:19  Marine x3  
  104  10:21  Widow Mine x2  
  104  10:25  Terran Vehicle Weapons Level 1  
  104  10:26  Factory  
  102  10:36  Marine  
  102  10:38  Command Center  
  102  10:41  Fusion Core, Starport Tech Lab  
  103  10:49  Supply Depot  
  103  10:50  Supply Depot  
  103  10:51  SCV x3  
  106  10:57  Liberator  
  106  10:58  Liberator  
  106  11:01  Supply Depot  
  106  11:03  Sensor Tower  
  106  11:13  Starport Tech Lab  
  106  11:16  SCV x2  
  114  11:30  Advanced Ballistics  
  114  11:35  Liberator  
  114  11:40  Liberator  
  114  11:52  Battlecruiser  
  126  12:04  Liberator  
  126  12:05  Missile Turret  
  121  12:08  Sensor Tower  
  121  12:18  Liberator  
  119  12:23  Liberator  
  121  12:56  Medivac  
  123  13:04  Medivac  
  125  13:06  Command Center  
  125  13:10  Liberator  
  125  13:12  Planetary Fortress  
  125  13:14  SCV x3  
  125  13:18  Battlecruiser  
  134  13:23  Marine x2  
  134  13:24  Marine x6  
  134  13:25  Factory Tech Lab  
  134  13:26  SCV x3  
  148  13:41  Marine x3  
  148  13:42  Marine x5  
  156  13:57  Sensor Tower  
  156  13:59  Marine x4  
  160  14:21  Missile Turret  
  154  14:38  Planetary Fortress  
  154  14:40  SCV x4  
  154  14:43  Refinery  
  158  14:45  Refinery  
  158  14:52  Siege Tank, SCV x3  
  164  14:53  Refinery  
  164  14:55  Widow Mine x2  
  164  14:56  Marauder x2, Marine x6  
  164  14:58  Refinery  
  161  15:13  Marine  
  165  15:14  Battlecruiser x2  
  165  15:15  Marine x2  
  165  15:16  Marine x3  
  165  15:17  Marauder, Marine  
  173  15:24  Missile Turret  
  173  15:31  Marine  
  173  15:33  Marine x5, Command Center  
  173  15:35  Marine  
  180  15:38  Marine  
  181  15:49  Marine  
  173  15:51  Marine x5  
  173  15:52  Marine  
  173  15:56  Marine  
  180  16:07  Marine  
  180  16:08  Marine  
  180  16:09  Marine x4  
  180  16:10  Marine  
  186  16:14  Marine  
  187  16:25  Marine  
  187  16:26  Marine  
  187  16:27  Widow Mine  
  187  16:28  Marine  
  187  16:29  Marine x2  
  187  16:30  Siege Tank  
  186  16:33  Supply Depot  
  186  16:34  Supply Depot  
  186  16:36  Supply Depot x2  
  186  16:43  Terran Ship Weapons Level 1  
  186  16:44  Terran Infantry Armor Level 3, Terran Infantry Weapons Level 3  
  186  16:45  Marine  
  186  16:53  Starport x2  
  186  16:54  Starport  
  186  16:55  Battlecruiser  
  186  16:56  Battlecruiser  
  198  17:03  Weapon Refit  
  190  17:37  Command Center  
  190  17:40  Sensor Tower  
  190  17:52  Starport Tech Lab x3  
  189  17:59  Battlecruiser  
  189  18:00  Battlecruiser  
  175  18:38  Battlecruiser x2  
  175  18:40  Hellion  
  172  18:57  Siege Tank  
  172  18:59  Battlecruiser  
  150  19:04  Battlecruiser  
  150  19:07  Hellion x2  
Show
View Real Time Build Order
Export as new Build Order

erikmaster Protoss - Winner!

Build Orders: Oracle Opening 

Get SALT Encoding   

  1  0:00  Probe  
  13  0:07  Probe  
  14  0:18  Pylon  
  14  0:23  Probe  
  15  0:36  Probe  
  15  0:40  Gateway  
  16  0:45  Assimilator  
  16  0:49  Probe  
  17  0:55  Assimilator  
  17  1:01  Probe  
  18  1:13  Probe  
  19  1:26  Probe  
  19  1:32  Cybernetics Core  
  20  1:38  Probe  
  21  1:50  Probe  
  22  2:02  Probe  
  23  2:08  Nexus  
  23  2:20  Pylon  
  23  2:22  Warp Gate  
  23  2:33  Stalker  
  23  2:38  Probe  
  23  2:39  Stargate  
  26  2:50  Probe  
  27  3:03  Probe  
  27  3:04  Robotics Facility  
  28  3:09  Stalker  
  28  3:15  Probe  
  28  3:16  Oracle  
  34  3:29  Probe x2  
  34  3:34  Stalker  
  36  3:38  Probe  
  38  3:41  Probe  
  38  3:45  Pylon  
  38  3:46  Probe  
  40  3:53  Probe  
  42  3:55  Probe  
  42  3:59  Oracle  
  46  4:05  Probe  
  46  4:13  Probe  
  46  4:14  Probe  
  46  4:16  Assimilator  
  47  4:21  Assimilator  
  48  4:27  Immortal  
  48  4:35  Probe  
  53  4:43  Gateway  
  53  4:46  Gateway  
  53  4:48  Pylon  
  53  4:51  Shield Battery  
  53  4:59  Pylon  
  53  5:04  Shield Battery  
  53  5:06  Observer  
  54  5:08  Probe, Twilight Council  
  54  5:10  Shield Battery, Probe  
  54  5:11  Forge  
  56  5:28  Robotics Bay  
  56  5:29  Adept  
  56  5:31  Pylon  
  58  5:37  Gateway  
  58  5:44  Probe x2  
  58  5:49  Immortal  
  60  5:56  Probe  
  65  6:01  Probe  
  66  6:11  Nexus  
  66  6:12  Pylon  
  66  6:14  Adept x2  
  70  6:26  Protoss Ground Weapons Level 1  
  70  6:32  Shield Battery  
  70  6:34  Shield Battery, Adept  
  70  6:35  Adept x2  
  70  6:38  Colossus  
  76  6:45  Resonating Glaives  
  82  7:05  Pylon  
  82  7:07  Pylon  
  82  7:08  Adept x2  
  84  7:13  Pylon  
  86  7:20  Adept x2  
  85  7:31  Stalker  
  85  7:32  Stalker  
  89  7:40  Probe x2  
  91  7:46  Probe  
  91  7:50  Stalker  
  91  7:51  Stalker  
  96  7:52  Probe x2  
  96  7:54  Colossus  
  91  8:22  Photon Cannon  
  91  8:24  Probe x2  
  91  8:25  Protoss Ground Weapons Level 2  
  91  8:26  Photon Cannon  
  93  8:28  Shield Battery  
  93  8:29  Probe  
  93  8:30  Pylon  
  94  8:47  Extended Thermal Lance  
  94  8:49  Stalker x2  
  94  8:51  Sentry x2  
  102  9:03  Probe x2  
  102  9:04  Probe  
  105  9:12  Assimilator  
  105  9:15  Probe  
  105  9:16  Probe  
  107  9:18  Probe, Photon Cannon  
  107  9:22  Blink  
  108  9:28  Probe  
  109  9:32  Photon Cannon  
  109  9:35  Adept x3  
  115  9:53  Forge  
  115  9:55  Phoenix  
  117  10:00  Pylon  
  114  10:12  Colossus  
  114  10:13  Phoenix  
  120  10:18  Stalker  
  120  10:19  Stalker x2  
  128  10:21  Probe  
  128  10:22  Probe  
  128  10:23  Protoss Ground Armor Level 1  
  130  10:28  Pylon  
  130  10:41  Phoenix  
  130  10:51  Protoss Ground Weapons Level 3  
  130  10:53  Probe  
  130  10:54  Probe x2  
  135  10:59  Photon Cannon  
  135  11:05  Probe  
  135  11:06  Probe x2  
  135  11:09  Warp Prism  
  140  11:17  Probe  
  141  11:19  Probe  
  142  11:32  Pylon  
  142  11:41  Stalker  
  142  11:42  Stalker x2  
  148  11:47  Nexus  
  148  11:50  Pylon  
  148  11:53  Gateway  
  148  11:55  Gateway  
  148  11:57  Gateway  
  148  11:58  Gateway  
  148  12:11  Pylon  
  147  12:16  Stalker x4  
  154  12:25  Probe x2  
  154  12:30  Immortal  
  154  12:33  Probe  
  149  12:37  Probe  
  149  12:39  Photon Cannon  
  149  12:43  Pylon  
  154  12:45  Adept x2  
  154  12:47  Shield Battery  
  158  12:57  Stalker x2  
  162  12:59  Probe  
  162  13:06  Sentry x2  
  166  13:13  Stalker x3  
  166  13:14  Pylon  
  166  13:15  Charge, Sentry, Protoss Ground Armor Level 2  
  174  13:21  Protoss Shields Level 1  
  174  13:25  Pylon  
  174  13:32  Zealot x2  
  174  13:33  Zealot x2  
  182  13:42  Probe x4  
  182  13:46  Assimilator  
  186  13:48  Pylon  
  186  13:51  Stalker x2  
  186  13:54  Probe x3  
  180  14:08  Stalker x3  
  181  14:22  Stalker x3  
  186  14:36  Zealot x5  
  196  14:41  Assimilator  
  196  14:50  Probe x3  
  196  14:52  Probe  
  189  15:02  Oracle  
  189  15:06  Probe x2  
  184  15:13  Probe  
  184  15:14  Probe  
  184  15:17  Protoss Shields Level 2  
  184  15:18  Probe  
  185  15:22  Probe  
  186  15:36  Fleet Beacon  
  186  15:38  Stargate  
  186  15:40  Assimilator  
  186  15:57  Assimilator  
  186  15:59  Pylon, Nexus  
  186  16:02  Assimilator  
  186  16:06  Protoss Air Weapons Level 1  
  186  16:09  Dark Shrine, Zealot x7  
  200  16:16  Nexus  
  200  16:18  Pylon  
  198  16:36  Nexus  
  195  16:45  Templar Archives  
  190  16:48  Stalker  
  190  16:50  Stalker  
  191  17:02  Robotics Facility  
  191  17:03  Robotics Facility  
  189  17:20  Probe  
  189  17:21  Probe x4  
  194  17:25  Stalker x3  
  200  17:40  Pylon  
  200  17:44  Pylon  
  200  17:45  Photon Cannon  
  198  18:02  Zealot x2  
  199  18:06  Photon Cannon  
  199  18:09  Photon Cannon  
  199  18:12  Photon Cannon  
  199  18:14  Photon Cannon  
  199  18:18  Probe  
  181  18:30  Tempest, Photon Cannon  
  163  18:34  Photon Cannon  
  163  18:38  Photon Cannon  
  163  18:40  Photon Cannon  
  164  18:41  Probe  
  164  18:42  Photon Cannon  
  164  18:45  Photon Cannon  
  164  18:47  Photon Cannon  
  169  18:49  Probe, Stargate, Photon Cannon  
  169  18:54  Stalker  
  169  18:55  Stargate  
  164  19:01  Photon Cannon  
  143  19:04  Tempest  
  143  19:21  Stalker x3  
  143  19:22  Stalker x2  
  130  19:52  Stalker x5  
  128  20:04  Probe x4  
  132  20:07  Pylon  
  132  20:16  Zealot  
Tags
 
Add a new tag
Caveats
  • Supply blocks, unpowered buildings, or Contaminate may cause inaccurate times.
  • Supply counts are checked every 10 seconds.